 Dungeon Crawl Stone Soup version 0.30.1-4-g462c640d31 (webtiles) character file.

Game seed: 15324537783851168001

11304 spardeous the Warrior (level 11, -34/115 HPs)
             Began as a Minotaur Berserker on Aug 22, 2023.
             Was a High Priest of Trog.
             Annihilated by an enormous slime creature (70 damage)
             ... on level 11 of the Dungeon.
             The game lasted 00:11:01 (10220 turns).

spardeous the Warrior (Minotaur Berserker)         Turns: 10220, Time: 00:11:02

Health: -34/115    AC:  8    Str: 31    XL:     11   Next: 47%
Magic:  19/19      EV: 12    Int:  8    God:    Trog [*****.]
Gold:   667        SH:  0    Dex: 11    Spells: 10/10 levels left

rFire   . . .        y - +11 hammer of the Exiled Knives {vamp, Str+6 Int+4}
rCold   . . .        (no shield)
rNeg    . . .        a - +0 acid dragon scales
rPois   .            (helmet restricted)
rElec   .            x - +0 cloak
rCorr   +            (no gloves)
SInv    +            b - +0 pair of boots
Will    .....        L - amulet of regeneration
Stlth   +            m - ring of magical power
HPRegen 1.19/turn    w - ring of see invisible
MPRegen 0.16/turn

%: no passive effects
@: no status effects
A: horns 2, retaliatory headbutt
a: Renounce Religion, Berserk, Trog's Hand, Brothers in Arms


You were on level 11 of the Dungeon.
You worshipped Trog.
Trog was extremely pleased with you.
You visited 1 branch of the dungeon, and saw 11 of its levels.

You collected 667 gold pieces.

Inventory:

Hand Weapons
 q - the +10 mace "Xuokluyg" {flame, Drain rF+ rCorr Dex+4}
   (You found it on level 3 of the Dungeon)

   Dex:       It affects your dexterity (+4).
   rF:        It protects you from fire.
   rCorr:     It protects you from acid and corrosion.
   Drain:     It drains your maximum health when unequipped.
 y - the +11 hammer of the Exiled Knives (weapon) {vamp, Str+6 Int+4}
   (You found it on level 5 of the Dungeon)

   Str:       It affects your strength (+6).
   Int:       It affects your intelligence (+4).
 D - a +2 shortbow of draining
 E - the +8 trident of the Octopus King {venom, rElec rPois}
   (You found it on level 4 of the Dungeon)

   rElec:     It insulates you from electricity.
   rPois:     It protects you from poison.
Missiles
 d - 5 throwing nets (quivered)
Armour
 a - +0 acid dragon scales (worn)
 b - a +0 pair of boots (worn)
 x - a +0 cloak (worn)
 F - a +0 scale mail
Jewellery
 m - a ring of magical power (left hand)
 w - a ring of see invisible (right hand)
 L - an amulet of regeneration (around neck)
Wands
 u - a wand of charming (19)
 C - a wand of mindburst (21)
 G - a wand of flame (14)
 N - a wand of acid (8)
Scrolls
 c - 12 scrolls of identify {unknown}
 e - a scroll of blinking {unknown}
 g - 5 scrolls of immolation {unknown}
 h - a scroll of enchant armour {unknown}
 i - 5 scrolls of teleportation {unknown}
 k - 5 scrolls of poison {unknown}
 n - 3 scrolls of amnesia {unknown}
 r - a scroll of brand weapon {unknown}
 H - a scroll of enchant weapon {unknown}
 J - a scroll of fog {unknown}
 K - a scroll of torment {unknown}
 M - a scroll of magic mapping {unknown}
 O - 2 scrolls of noise {unknown}
 P - a scroll of vulnerability {unknown}
Potions
 f - 3 potions of mutation {unknown}
 j - a potion of attraction {unknown}
 l - a potion of invisibility
 o - 2 potions of might {unknown}
 p - 4 potions of flight {unknown}
 s - 5 potions of curing {unknown}
 t - 6 potions of haste {unknown}
 v - a potion of berserk rage {unknown}
 z - a potion of heal wounds
 A - 2 potions of degeneration {unknown}
 B - a potion of brilliance {unknown}
 I - a potion of resistance {unknown}
 Q - a potion of cancellation {unknown}


   Skills:
 - Level 16.5 Fighting
 + Level 14.6 Axes
 - Level 2.4 Armour
 - Level 2.1 Dodging


You had 10 spell levels left.
You didn't know any spells.
Your spell library was empty.

Dungeon Overview and Level Annotations

Branches:
Dungeon (11/15)              Lair (0/5) D:8             Orc (0/2) D:11
 Temple: D:4-7

Altars:
Dithmenos
Elyvilon
Fedhas
Gozag
Hepliaklqana
Makhleb
Qazlal
Uskayaw
Wu Jian
Yredelemnul

Shops:
D:11 (


Innate Abilities, Weirdness & Mutations

You have a pair of horns on your head.
You reflexively headbutt those who attack you in melee.


Message History

A slime creature is nearby!
A slime creature is nearby!
A slime creature is nearby!
A slime creature is nearby!
A slime creature is nearby! 2 slime creatures come into view.
The slime creature quivers. x2 2 slime creatures come into view.
The slime creature quivers. x2; The slime creature jiggles.
The slime creature closely misses you. You furiously retaliate!
You headbutt the slime creature! You sock the slime creature!
The slime creature is moderately wounded.
Two slime creatures merge to form a large slime creature.
Two slime creatures merge to form a very large slime creature.
You sock the very large slime creature!
You headbutt the very large slime creature.
The very large slime creature is lightly wounded.
The slime creature hits you!
You sock the very large slime creature!
The very large slime creature is moderately wounded.
Two slime creatures merge to form an enormous slime creature.
The slime creature hits you.
You barely miss the enormous slime creature.
The enormous slime creature is lightly wounded.
The slime creature hits you!
The slime creature completely misses you.
You furiously retaliate!
You headbutt the slime creature! The enormous slime creature hits you!!!
* * * LOW HITPOINT WARNING * * *
You hear an angry growl.
Unknown command.
You take 79 damage, and have 36/115 hp.
MASSIVE DAMAGE!!
The slime creature attacks as you move away!
The slime creature completely misses you.
You furiously retaliate!
You headbutt the slime creature!
The enormous slime creature attacks as you move away!
The enormous slime creature hits you!!!
Ouch! That really hurt!
You die...

#.......# #.......#
....... #.......#
....... #.......#
....~~. #.......#
.~~~~~. #[......#
.~≈~... #.......#
.~≈~...
#.......######J....~~
#............@J......
#############.J..#...
####..... ####


You could see an enormous slime creature and 2 slime creatures.

Vanquished Creatures
  Harold (D:9)
  3 two-headed ogres
  An orc knight (D:11)
  Pikel (D:6)
  2 unseen horrors
  Maggie (D:8)
  A hornet (D:8)
  3 trolls
  A centaur simulacrum (D:11)
  Sigmund (D:6)
  A wyvern (D:8)
  4 yaks (D:8)
  Eustachio (D:6)
  4 vampire mosquitoes (D:10)
  Menkaure (D:6)
  A water moccasin (D:6)
  2 orc warriors
  4 black bears
  2 meliai simulacra (D:11)
  A sky beast (D:6)
  4 ogres
  6 centaurs
  2 wolves (D:8)
  A lemure (D:6)
  2 kobold brigands
  A phantom (D:5)
  5 bullfrogs
  A gnoll sergeant (D:6)
  2 scorpions
  8 wights (D:8)
  7 killer bees
  2 howler monkeys
  6 electric eels
  6 hounds
  4 jellies
  Crazy Yiuf (D:5)
  2 orc priests
  3 iguanas
  A sleepcap (D:6)
  5 orc wizards
  7 gnolls
  8 adders
  3 white imps
  3 ufetubi
  3 worms
  5 dart slugs
  23 orcs
  6 ball pythons
  7 endoplasms
  4 giant cockroaches
  6 hobgoblins
  3 jackals (D:2)
  5 quokkas
  A training dummy (D:4)
  3 bats
  3 frilled lizards
  3 goblins
  10 kobolds
  4 rats
212 creatures vanquished.

Notes
Turn   | Place    | Note
-------+----------+-------------------------------------------
     0 | D:1      | spardeous the Minotaur Berserker began the quest for the
                  | Orb.
     0 | D:1      | Reached XP level 1. HP: 19/19 MP: 0/0
   147 | D:1      | Reached skill level 4 in Fighting
   147 | D:1      | Reached XP level 2. HP: 27/27 MP: 1/1
   154 | D:1      | Found a faded altar of an unknown god.
   762 | D:2      | Reached XP level 3. HP: 20/34 MP: 2/2
  1020 | D:2      | Reached ** piety under Trog
  1235 | D:2      | Noticed a black bear
  1243 | D:2      | Killed a black bear
  1244 | D:2      | Reached skill level 5 in Fighting
  1244 | D:2      | Reached skill level 5 in Axes
  1244 | D:2      | Reached XP level 4. HP: 22/42 MP: 3/3
  1244 | D:2      | Reached XP level 5. HP: 25/48 MP: 4/4
  2173 | D:3      | Reached skill level 6 in Fighting
  2427 | D:3      | Reached XP level 6. HP: 37/57 MP: 5/5
  2755 | D:3      | Identified the +10 mace "Xuokluyg" {flame, Drain rF+ rCorr
                  | Dex+4}
  3106 | D:4      | Found the +8 trident of the Octopus King {venom, rElec
                  | rPois}
  3216 | D:4      | Reached skill level 7 in Fighting
  3367 | D:4      | Reached *** piety under Trog
  3409 | D:4      | Reached skill level 8 in Fighting
  3409 | D:4      | Reached XP level 7. HP: 44/68 MP: 6/6
  3729 | D:5      | Entered Level 5 of the Dungeon
  3792 | D:5      | Found a stormy altar of Qazlal.
  3863 | D:5      | Reached skill level 9 in Fighting
  4073 | D:5      | Reached skill level 10 in Fighting
  4084 | D:5      | Found a basalt altar of Yredelemnul.
  4218 | D:5      | Found a runed translucent door.
  4219 | D:5      | Noticed Crazy Yiuf
  4321 | D:5      | Killed Crazy Yiuf
  4322 | D:5      | Reached XP level 8. HP: 80/80 MP: 7/7
  4331 | D:5      | Identified the +11 hammer of the Exiled Knives {vamp, Str+6
                  | Int+4}
  4397 | D:6      | Noticed Menkaure
  4593 | D:6      | Killed Menkaure
  4594 | D:6      | Reached skill level 11 in Fighting
  4750 | D:6      | Noticed Eustachio
  4752 | D:6      | Found a white marble altar of Elyvilon.
  4759 | D:6      | Killed Eustachio
  4903 | D:6      | Reached **** piety under Trog
  4904 | D:6      | Reached skill level 12 in Fighting
  5091 | D:6      | Noticed Pikel
  5105 | D:6      | Killed Pikel
  5106 | D:6      | Reached skill level 13 in Fighting
  5106 | D:6      | Reached XP level 9. HP: 65/94 MP: 8/8
  5112 | D:6      | Reached skill level 14 in Fighting
  5309 | D:6      | Noticed Sigmund
  5313 | D:6      | Killed Sigmund
  5934 | D:7      | Reached skill level 15 in Fighting
  6347 | D:7      | Found an opulent altar of Gozag.
  6749 | D:8      | Reached skill level 16 in Fighting
  6770 | D:8      | Found a staircase to the Lair.
  6807 | D:8      | Paralysed by a hornet for 3 turns
  6813 | D:8      | Reached ***** piety under Trog
  6964 | D:8      | Reached XP level 10. HP: 97/108 MP: 9/9
  7676 | D:8      | Noticed Maggie
  7693 | D:8      | Killed Maggie
  7730 | D:8      | Found a hide-covered altar of Uskayaw.
  8186 | D:8      | Reached skill level 10 in Axes
  8299 | D:8      | Found an ornate altar of the Wu Jian Council.
  8299 | D:8      | Found a burning altar of Makhleb.
  8300 | D:8      | Found a shadowy altar of Dithmenos.
  8466 | D:9      | Noticed Harold
  8468 | D:9      | Noticed a two-headed ogre
  8481 | D:9      | Killed Harold
  8483 | D:9      | Killed a two-headed ogre
  8561 | D:9      | Noticed a two-headed ogre
  8568 | D:9      | Killed a two-headed ogre
  8569 | D:9      | Reached XP level 11. HP: 115/115 MP: 10/10
  8942 | D:9      | Found a hazy altar of Hepliaklqana.
  9290 | D:8      | Found a blossoming altar of Fedhas.
  9334 | D:10     | Entered Level 10 of the Dungeon
  9391 | D:10     | Noticed a two-headed ogre
  9399 | D:10     | Killed a two-headed ogre
  9854 | D:11     | Found a staircase to the Orcish Mines.
  9855 | D:11     | Noticed an orc knight
  9857 | D:11     | Found Detaeske's Weapon Shop.
  9865 | D:11     | Killed an orc knight
 10220 | D:11     | Annihilated by an enormous slime creature

Illustrated notes

Levels and vault maps discovered:
D:1:      mrwooster_arrival_statue_3, layout_basic,
          shapermc_ecumenical_altar_starsandcircs
D:2:      layout_basic, guppyfry_early_lair_pool
D:3:      layout_basic, amethyst_killhole
D:4:      dreamdust_elfheim, layout_layer_cave, serial_glass, glass_columns_a,
          glass_columns_a, chequers_avenue
D:5:      layout_basic, nicolae_qazlal_general_emergency,
          lemuel_coloured_pillars_altar, uniq_crazy_yiuf_cottage
D:6:      layout_loops_ring, elyvilon_altar_3, minmay_temple_entry_from_below_b,
          uniq_sigmund, uniq_eustachio, uniq_menkaure, uniq_pikel
D:7:      layout_cave_pools, nicolae_gozag_seed_capital
D:8:      layout_loops_corners, nicolae_overflow_hidden_temple,
          erik_lair_island, serial_bayou_crossing, uniq_maggie
D:9:      layout_loops_ring, overflow_temple_1_default, uniq_harold
D:10:     layout_roguey
D:11:     layout_gridville, orc_david_3, serial_ice, serial_ice_o, serial_ice_n,
          serial_ice_c, serial_ice_i, serial_ice_m, serial_ice_e, uniq_lodul

Skill      XL: |  1  2  3  4  5  6  7  8  9 10 11 |
---------------+----------------------------------+-----
Fighting       | 4 5 6 8 10 13 16 | 16.5
Axes           | 4 5 6 12 14 | 14.6
Armour         | |  2.4
Dodging        | |  2.1

Action                     |  1- 3 |  4- 6 |  7- 9 | 10-12 || total
---------------------------+-------+-------+-------+-------++-------
  Melee: Hand axe          |    61 |    57 |       |       ||   118
         Headbutt          |     8 |    15 |    29 |    34 ||    86
         Mace              |       |    21 |   154 |   172 ||   347
         Flail             |       |    13 |       |       ||    13
         Punch             |       |       |       |     1 ||     1
 Invoke: Berserk           |     1 |       |     1 |     5 ||     7
  Evoke: Wand              |       |       |     4 |     2 ||     6
 Armour: Animal skin       |     6 |     2 |       |       ||     8
         Ring mail         |       |    17 |    23 |       ||    40
         Scale mail        |       |       |    14 |    10 ||    24
         Acid dragon scale |       |       |       |    51 ||    51
  Dodge: Dodged            |    59 |    57 |    95 |   139 ||   350
